 Dungeon Crawl Stone Soup version 0.31-a0-435-g2c6fae2916 (webtiles) character file.

Game seed: 6487725371668757761

172 AdnanSaban the Covered (level 5, -2/33 HPs)
             Began as a Gargoyle Fighter on Aug 1, 2023.
             Slain by Edmund
             ... wielding a +4 flail of holy wrath
              (7 damage)
             ... on level 3 of the Dungeon.
             The game lasted 00:01:39 (1891 turns).

AdnanSaban the Covered (Gargoyle Fighter)           Turns: 1891, Time: 00:01:39

Health: -2/33      AC: 11    Str: 21    XL:     5   Next: 52%
Magic:  5/5        EV:  9    Int:  9    God:
Gold:   159        SH:  4    Dex:  9    Spells: 4/4 levels left

rFire   . . .        a - +0 flail
rCold   . . .        c - +0 buckler
rNeg    + . .        b - +0 scale mail
rPois   ∞            (no helmet)
rElec   +            (no cloak)
rCorr   .            (no gloves)
SInv    .            (no boots)
Will    .....        (no amulet) Stlth
                     (no ring)
HPRegen 0.25/turn    (no ring)
MPRegen 0.09/turn

%: no passive effects
@: no status effects
A: sickness immunity, AC +4, negative energy resistance 1, electricity
resistance, torment resistance 1, petrification resistance
a: no special abilities


You were on level 3 of the Dungeon.
You visited 1 branch of the dungeon, and saw 4 of its levels.

You collected 159 gold pieces.

Inventory:

Hand Weapons
 a - a +0 flail (weapon)
Missiles
 g - 9 boomerangs (quivered)
 h - 5 javelins
Armour
 b - a +0 scale mail (worn)
 c - a +0 buckler (worn)
Jewellery
 j - an amulet of reflection
Scrolls
 i - 2 scrolls of teleportation {unknown}
 k - a scroll of amnesia {unknown}
 l - 4 scrolls of identify {unknown}
 n - 2 scrolls of poison {unknown}
 p - a scroll of fear {unknown}
 r - a scroll of butterflies {unknown}
Potions
 d - 2 potions of might
 e - 3 potions of curing {unknown}
 f - a potion of attraction {unknown}
 m - a potion of degeneration {unknown}
 o - a potion of haste {unknown}
 q - a potion of ambrosia {unknown}
 s - 2 potions of resistance {unknown}


   Skills:
 + Level 4.0 Fighting
 + Level 3.8 Maces & Flails
 + Level 4.2 Armour
 + Level 0.8 Dodging
 + Level 3.8 Shields


You had 4 spell levels left.
You didn't know any spells.
Your spell library contained the following spells:

 Spells                   Type           Power      Damage    Failure   Level
 Ensorcelled Hibernation  Hex/Ice        0%         N/A       89%         2
 Passwall                 Tmut/Erth      0%         N/A       89%         2
 Swiftness                Air            0%         N/A       98%         3
 Vhi's Electric Charge    Tloc/Air       0%         N/A       98%         3
 Arcjolt                  Conj/Air       0%         1d10      100%        5
 Maxwell's Capacitive Co  Air            0%         ∞         100%        8


Dungeon Overview and Level Annotations

Branches:
Dungeon (4/15)
 Temple: D:4-7

Altars:
Hepliaklqana
Ru

Shops:
D:3 =

Annotations:
D:3 Edmund


Innate Abilities, Weirdness & Mutations

You are immune to sickness and miasma.
Your stone body is resilient. (AC +4)
You are immune to poison.
You resist negative energy. (rN+)
You are resistant to electric shocks. (rElec)
You are resistant to unholy torment.
You are immune to petrification.


Message History

You sock Edmund!
Edmund is lightly wounded.
Edmund hits you with a +4 flail of holy wrath!
You are too injured to fight recklessly!
You are too injured to fight recklessly!
You are too injured to fight recklessly!
You are too injured to fight recklessly!
You are too injured to fight recklessly!
You are too injured to fight recklessly!
You are too injured to fight recklessly!
You are too injured to fight recklessly!
You are too injured to fight recklessly!
You are too injured to fight recklessly!
You are too injured to fight recklessly!
You are too injured to fight recklessly!
You are too injured to fight recklessly!
You are too injured to fight recklessly!
You are too injured to fight recklessly!
You are too injured to fight recklessly!
You are too injured to fight recklessly!
You are too injured to fight recklessly!
You are too injured to fight recklessly!
You are too injured to fight recklessly!
You are too injured to fight recklessly!
Edmund gestures with his flail.
Edmund attacks as you move away! Edmund closely misses you.
Edmund attacks as you move away! You block Edmund's attack.
There is a stone staircase leading up here.
Edmund says, "I'm quite good with sums, too."
Edmund hits you with a +4 flail of holy wrath.
You climb upwards.
There is a stone staircase leading down here.
Edmund hits you with a +4 flail of holy wrath.
* * * LOW HITPOINT WARNING * * *
Edmund attacks as you move away!
Edmund hits you with a +4 flail of holy wrath.
* * * LOW HITPOINT WARNING * * *
Edmund attacks as you move away!
Edmund hits you with a +4 flail of holy wrath!
You die...

#### ########### ####### #..#
#.......>.#
#.....####..#######..<......#
#.###.....>..@@...◎.........#
###..#######.#.######.........#
...#..######.#..### #.........#
##................###.........#
###.....###.##...............###
########...........###########...
†.............#.............##...
#...###..####.#####)..#..........
...## ##..###.## ###.#######....


You could see Edmund.

Vanquished Creatures
  A scorpion (D:3)
  Terence (D:3)
  3 adders
  2 dart slugs (D:1)
  5 orcs (D:3)
  7 endoplasms
  A giant cockroach (D:3)
  A hobgoblin (D:2)
  4 jackals (D:3)
  A quokka (D:1)
  2 ball pythons
  4 bats
  4 frilled lizards
  9 goblins
  6 kobolds
  3 rats
54 creatures vanquished.

Notes
Turn   | Place    | Note
-------+----------+-------------------------------------------
     0 | D:1      | AdnanSaban the Gargoyle Fighter began the quest for the
                  | Orb.
     0 | D:1      | Reached XP level 1. HP: 14/14 MP: 1/1
   156 | D:1      | Reached XP level 2. HP: 19/19 MP: 2/2
   585 | D:2      | Reached XP level 3. HP: 12/24 MP: 3/3
  1204 | D:3      | Noticed a scorpion
  1220 | D:3      | Killed a scorpion
  1221 | D:3      | Reached XP level 4. HP: 17/29 MP: 4/4
  1222 | D:3      | Reached XP level 5. HP: 20/33 MP: 5/5
  1326 | D:3      | Found a hazy altar of Hepliaklqana.
  1649 | D:3      | Noticed Terence
  1666 | D:3      | Killed Terence
  1730 | D:3      | Found a sacrificial altar of Ru.
  1804 | D:3      | Found Jerphebb's Jewellery Shoppe.
  1867 | D:4      | Noticed Edmund
  1891 | D:3      | Slain by Edmund

Illustrated notes

Levels and vault maps discovered:
D:1:      moated_graveyard_arrival, layout_loops_cross
D:2:      layout_basic, minmay_ruptured
D:3:      layout_rooms, mainiacjoe_overflow_six_doors_small,
          mainiacjoe_overflow_cross_hatched, serial_shops,
          nicolae_shop_gaudy_bauble, uniq_terence
D:4:      layout_basic, uniq_edmund, uniq_ijyb

Skill      XL: |  1  2  3  4  5 |
---------------+----------------+-----
Maces & Flails | 3 |  3.8
Armour         | 4 |  4.2
Fighting       | 4 |  4.0
Dodging        | |  0.8
Shields        | |  3.8

Action                     |  1- 3 |  4- 6 || total
---------------------------+-------+-------++-------
  Melee: Flail             |   112 |    71 ||   183
  Throw: Boomerang         |       |     3 ||     3
 Armour: Scale mail        |    68 |    44 ||   112
  Dodge: Dodged            |    61 |    39 ||   100
  Block: Buckler           |    24 |     8 ||    32

Table legend: (Time is in decaauts)
 A = Elapsed time spent in this place.
 B = Non-inter-level travel time spent in this place.
 C = Inter-level travel time spent in this place.
 D = Time resting spent in this place.
 E = Time spent auto-exploring this place.
 F = Levels seen in this place.
 G = Mean time per level.
                   A        B        C        D        E       F      G
               +--------+--------+--------+--------+--------+-----+--------+
         Total |   1943 |   1873 |     70 |      0 |   1450 |   4 |  485.8 |
       Dungeon |   1943 |   1873 |     70 |      0 |   1450 |   4 |  485.8 |
               +--------+--------+--------+--------+--------+-----+--------+

Top non-repeatable levels by time:
     D:3: 680 daAuts
     D:2: 656 daAuts
     D:1: 578 daAuts
     D:4: 28 daAuts
